 Dungeon Crawl Stone Soup version 0.23.2-40-g277498a001 (webtiles) character file.

Game seed: 9980385169167919147

1103 Folks the Chiller (level 8, 0/54 HPs)
             Began as a Human Ice Elementalist on Aug 25, 2019.
             Was a Follower of Sif Muna.
             Slain by an orc warrior
             ... wielding a cursed -1 trident
              (7 damage)
             ... on level 6 of the Dungeon.
             The game lasted 00:23:37 (7930 turns).

Folks the Chiller (Human Ice Elementalist)          Turns: 7930, Time: 00:23:37

Health: 0/54       AC:  9    Str:  8      XL:     8   Next: 58%
Magic:  1/14       EV: 13    Int: 18      God:    Sif Muna [*.....]
Gold:   543        SH:  0    Dex: 13 (14) Spells: 1/15 levels left

rFire    . . .     SeeInvis .   m - +1 spear (pierce)
rCold    . . .     Gourm    .   (no shield)
rNeg     . . .     Faith    .   a - +0 robe
rPois    .         Spirit   .   o - +0 helmet
rElec    .         Reflect  .   (no cloak)
rCorr    .         Harm     .   (no gloves)
MR       .....                  (no boots)
Stlth    ++........             (no amulet)
HPRegen  0.18/turn              (no ring)
MPRegen  0.14/turn              (no ring)

@: icy armour, about to teleport, very slightly contaminated, divine energy
A: no striking features
a: Stop Divine Energy, Renounce Religion


You were on level 6 of the Dungeon.
You worshipped Sif Muna.
Sif Muna was aware of your devotion.
You were not hungry.

You visited 2 branches of the dungeon, and saw 7 of its levels.
You also visited: Ossuary.

You collected 543 gold pieces.

Inventory:

Hand Weapons
 b - a +0 club
 f - a +1 dagger of draining
 m - a +1 spear of piercing (weapon)
Armour
 a - a +0 robe (worn)
 o - a +0 helmet (worn)
Scrolls
 i - a scroll of teleportation
 n - 7 scrolls of identify
 p - 2 scrolls of magic mapping {unknown}
 q - 3 scrolls of remove curse {unknown}
 s - a scroll of fog {unknown}
 x - 2 scrolls of amnesia {unknown}
 y - a scroll of random uselessness {unknown}
 B - a scroll of enchant armour {unknown}
Potions
 d - 3 potions of invisibility {unknown}
 e - 2 potions of brilliance
 g - 3 potions of curing {unknown}
 h - 5 potions of mutation {unknown}
 j - a potion of ambrosia {unknown}
 k - 4 potions of flight {unknown}
 l - 3 potions of haste {unknown}
 r - 2 potions of degeneration {unknown}
 t - 3 potions of heal wounds {unknown}
 u - 2 potions of lignification {unknown}
 v - 2 potions of agility
 w - a potion of might {unknown}
 z - a potion of cancellation {unknown}
Comestibles
 c - 10 rations


   Skills:
 - Level 1.0 Fighting
 + Level 3.5 Dodging
 - Level 2.0 Stealth
 - Level 4.0 Spellcasting
 * Level 4.2 Conjurations
 - Level 1.0 Charms
 - Level 4.1 Summonings
 + Level 5.7 Ice Magic


You had one spell level left.
You knew the following spells:

 Your Spells              Type           Power        Failure   Level  Hunger
a - Freeze                Ice            ###.         1%          1    None
b - Throw Frost           Conj/Ice       ###...       2%          2    ##.....
c - Ozocubu's Armour      Chrm/Ice       ###.....     11%         3    ###....
d - Summon Ice Beast      Ice/Summ       ###.....     19%         4    ####...
e - Throw Icicle          Conj/Ice       ###.....     19%         4    ####...

Your spell library contained the following spells:

 Spells                   Type           Power        Failure   Level  Hunger


Dungeon Overview and Level Annotations

Branches:
Dungeon (6/15)             Temple (1/1) D:5

Altars:
Ashenzari
Cheibriados
Dithmenos
Elyvilon
Fedhas
Gozag
Hepliaklqana
Kikubaaqudgha
Makhleb
Nemelex Xobeh
Okawaru
Qazlal
Ru
Sif Muna
Trog
Uskayaw
Vehumet
Wu Jian
Xom
Yredelemnul
Zin
The Shining One

Shops:
D:4 (


Message History

The orc warrior is moderately wounded.
The orc warrior hits you from afar with a cursed -1 trident.
Attack whom?
Press: ? - help, Dir - move target cursor, f/p - orc warrior
Aim: an orc warrior, wielding a -1 trident and wearing a +0 plate armour (moderately wounded)
You reach to attack!
You barely miss the orc warrior.
The orc warrior is moderately wounded.
You regain access to your magic.
The orc warrior hits you from afar with a cursed -1 trident.
Attack whom?
Press: ? - help, Dir - move target cursor, f/p - orc warrior
Aim: an orc warrior, wielding a -1 trident and wearing a +0 plate armour (moderately wounded)
You reach to attack!
You hit the orc warrior.
The orc warrior is heavily wounded.
The orc warrior hits you from afar with a cursed -1 trident!
* * * LOW HITPOINT WARNING * * *
As you read the scroll of teleportation, it crumbles to dust.
You feel strangely unstable.
The orc warrior hits you from afar with a cursed -1 trident!
You die...

#.###..###.......#
#.##...._#.......#
######)###..###.......#
#....(.#_....##........ #
#......###..###.###.... #.
#......#....._#.# #.... #..
#......###..###.# #.... #...
#......#_...._#.# #.... #....
######@##8.⌠♣##.# #....
#....o######.########.# #....
#....oY....o........#.#####..
#....o######...........# #..
##### #...........# #..
#...........# ###
##..........# #..........#
#..........#


You could see an orc warrior.

Vanquished Creatures
  3 centaurs
  2 bullfrogs (D:6)
  A scorpion (D:6)
  A crimson imp (D:6)
  A hound (D:6)
  A bullfrog skeleton (D:4)
  A centaur skeleton (D:4)
  2 worker ants (D:5)
  2 iguanas
  3 orc wizards
  A big kobold zombie (Ossuary)
  A mummy (Ossuary)
  4 adders
  3 oozes
  An adder zombie (D:5)
  5 worms
  An adder skeleton (D:4)
  5 dart slugs
  2 leopard geckos
  3 orcs
  A ball python (D:3)
  6 bats
  8 giant cockroaches
  6 goblins
  11 hobgoblins
  2 jackals (D:2)
  A quokka (D:2)
  A ball python skeleton (D:4)
  14 frilled lizards
  3 hobgoblin zombies (Ossuary)
  10 kobolds
  7 rats
113 creatures vanquished.

Vanquished Creatures (collateral kills)
  An ice beast (D:6)
  2 orc priests (D:6)
  A quasit (D:6)
  3 orc wizards
  7 mummies (Ossuary)
  4 gnolls (D:5)
  11 orcs
  A gnoll zombie (Ossuary)
  A hobgoblin zombie (Ossuary)
  A kobold zombie (Ossuary)
  An orc zombie (Ossuary)
33 creatures vanquished.

Vanquished Creatures (others)
  An orc wizard (D:6)
1 creature vanquished.

Grand Total: 147 creatures vanquished

Notes
Turn   | Place    | Note
-------+----------+-------------------------------------------
     0 | D:1      | Folks the Human Ice Elementalist began the quest for the
                  | Orb.
     0 | D:1      | Reached XP level 1. HP: 13/13 MP: 3/3
   313 | D:1      | Reached XP level 2. HP: 11/19 MP: 1/5
   565 | D:1      | Reached XP level 3. HP: 24/24 MP: 4/7
   973 | D:2      | Learned a level 2 spell: Throw Frost
   978 | D:2      | Learned a level 3 spell: Ozocubu's Armour
   995 | D:2      | Found a burning altar of Makhleb.
  1099 | D:2      | Reached XP level 4. HP: 25/31 MP: 6/8
  1241 | D:2      | Reached skill level 1 in Fighting
  2173 | D:3      | Learned a level 4 spell: Summon Ice Beast
  2182 | D:3      | Reached XP level 5. HP: 37/37 MP: 10/10
  3343 | D:4      | Found a sand-covered staircase.
  3344 | D:4      | Reached skill level 1 in Summonings
  3463 | Ossuary  | Entered an ossuary
  3940 | Ossuary  | Reached skill level 4 in Ice Magic
  3943 | Ossuary  | Reached XP level 6. HP: 42/43 MP: 2/12
  4660 | D:4      | Found Edwuter's Weapon Shop.
  5269 | D:5      | Entered Level 5 of the Dungeon
  5270 | D:5      | Found a staircase to the Ecumenical Temple.
  5347 | Temple   | Entered the Ecumenical Temple
  5593 | Temple   | Became a worshipper of Sif Muna the Loreminder
  5644 | D:5      | Reached XP level 7. HP: 48/48 MP: 4/13
  5737 | D:5      | Reached skill level 1 in Charms
  5963 | D:5      | Found a stormy altar of Qazlal.
  5969 | D:5      | Found a shimmering altar of Xom.
  6090 | D:5      | Learned a level 4 spell: Throw Icicle
  6489 | D:6      | Reached skill level 5 in Ice Magic
  6694 | D:6      | Reached * piety under Sif Muna
  6708 | D:6      | Reached XP level 8. HP: 4/54 MP: 0/14
  7455 | D:6      | Found an ancient bone altar of Kikubaaqudgha.
  7456 | D:6      | Found a glowing silver altar of Zin.
  7459 | D:6      | Found a hide-covered altar of Uskayaw.
  7460 | D:6      | Found a radiant altar of Vehumet.
  7461 | D:6      | Found a glowing golden altar of the Shining One.
  7483 | D:6      | Found a blossoming altar of Fedhas.
  7930 | D:6      | Slain by an orc warrior

Skill      XL: |  1  2  3  4  5  6  7  8 |
---------------+-------------------------+-----
Spellcasting   | 3 4 |  4.0
Fighting       | 1 |  1.0
Summonings     | 1 3 4 |  4.1
Ice Magic      | 4 5 |  5.7
Charms         | 1 |  1.0
Conjurations   | 2 4 |  4.2
Dodging        | 3 |  3.5
Stealth        | |  2.0

Action                   |  1- 3 |  4- 6 |  7- 9 || total
-------------------------+-------+-------+-------++-------
Melee: Unarmed           |     4 |       |       ||     4
       Club              |     8 |       |       ||     8
       Dagger            |    45 |   156 |       ||   201
       Spear             |       |       |    54 ||    54
 Cast: Freeze            |    20 |    46 |    23 ||    89
       Throw Frost       |       |    24 |    13 ||    37
       Ozocubu's Armour  |       |    11 |     7 ||    18
       Summon Ice Beast  |       |    15 |     9 ||    24
       Throw Icicle      |       |       |     9 ||     9
Invok: Divine Energy     |       |       |     1 ||     1
  Use: Scroll            |     2 |     2 |     1 ||     5
       Potion            |       |       |     2 ||     2
 Stab: Sleeping          |     7 |     4 |     2 ||    13
       Distracted        |       |     1 |       ||     1
  Eat: Chunk             |     1 |     9 |    11 ||    21
       Ration            |       |     3 |     1 ||     4
Armor: Robe              |     8 |    41 |    19 ||    68
Dodge: Dodged            |    36 |   128 |    47 ||   211
